AoeStats
← asdt560

Arabia

509145452Analyzed
1v1 RM · 6d ago on Sep 25, 2026· 65m 9s· 2 players
Game mode
Random Map
Map size
Tiny (2 player)
Population
200
Speed
Normal
Resources
Standard
Victory
Conquest
Starting age
Dark Age
Ending age
Imperial Age
RankedLock teamsTeams togetherTeam positionsShared explorationLock speedFull tech treeHidden civsTurbo modeCheats
Victory
Defeat
🇧🇷 Varangians · Brazil
1074
+15
🇦🇷 Byzantines · Argentina
1052
-15
asdt560
6:51 Loom
9:17 Feudal Age
13:01 Double-Bit Axe
14:08 Horse Collar
19:33 Wheelbarrow
22:11 Castle Age
21:40 Gold Mining
21:41 Stone Mining
22:12 Scale Barding Armor
22:18 Forging
23:56 Husbandry
23:56 Pikeman
26:07 Bow Saw
26:01 Heavy Plow
38:59 Imperial Age
37:44 Chain Barding Armor
37:15 Fletching
39:20 Bodkin Arrow
41:02 Plate Barding Armor
42:39 Conscription
44:17 Hand Cart
46:39 Guilds
47:16 Hoardings
46:52 Bracer
49:38 Heavy Camel Rider
54:47 Iron Casting
56:50 Elite Skirmisher
57:39 Thumb Ring
57:32 Elite Cataphract
59:32 Padded Archer Armor
61:46 Two-Man Saw
65:57 Chemistry
65:18 Ballistics
valentepqdt
6:15 Loom
9:04 Feudal Age
9:54 Double-Bit Axe
14:06 Bloodlines
20:34 Castle Age
19:47 Scale Barding Armor
19:33 Fletching
20:10 Gold Mining
21:27 Husbandry
22:44 Bodkin Arrow
27:41 Chain Barding Armor
29:44 Forging
32:12 Wheelbarrow
32:34 Iron Casting
31:47 Pikeman
32:29 Squires
35:45 Bow Saw
39:59 Imperial Age
37:46 Hand Cart
42:06 Stone Mining
42:59 Conscription
42:26 Vendel Legacy
47:35 Chemistry
46:48 Masonry
47:12 Halberdier
49:39 Plate Barding Armor
50:05 Blast Furnace
52:45 Cavalier
53:35 Light Cavalry
54:59 Bracer
59:32 Two-Man Saw
58:15 Horse Collar
59:21 Hussar
61:37 Stone Shaft Mining
Connection lost

Rejoining the realm…

Still unreachable

The connection could not be restored.

Session expired

The server has moved on; the page needs a fresh start.